 Dungeon Crawl Stone Soup version 0.16.1-4-g8e1b745 (webtiles) character file.

35 RobertPalmer the Cutter (level 3, -1/24 HPs)
             Began as an Octopode Warper on Mar 27, 2015.
             Slain by a quokka (2 damage)
             ... on level 1 of the Dungeon.
             The game lasted 00:01:53 (1355 turns).

RobertPalmer the Cutter (Octopode Warper)           Turns: 1355, Time: 00:01:53

Health: -1/24      AC:  1    Str: 10    XL:     3   Next: 33%
Magic:  6/6        EV: 12    Int: 15    God:
Gold:   45         SH:  0    Dex: 12    Spells: 1 memorised, 5 levels left

rFire  . . .     SeeInvis .     a - +0 short sword
rCold  . . .     Clarity  .     (no shield)
rNeg   . . .     SustAb   .     (helmet restricted)
rPois  .         Gourm    .     (no amulet)
rElec  .         Spirit   .     (no ring)
rCorr  .         Warding  .     (no ring)
rMut   .         Stasis   .     (no ring)
MR     .....                    (no ring)
Stlth  ++........               (no ring)
                                (no ring)
                                (no ring)
                                (no ring)

@: very slightly contaminated, not resistant to hostile enchantments, unstealthy
A: almost no armour, amphibious, 8 rings, constrict 8, camouflage 1, gelatinous
body 1
a: no special abilities


You were on level 1 of the Dungeon.
You were not hungry.

You visited 1 branch of the dungeon, and saw 2 of its levels.

You collected 45 gold pieces.

Inventory:

Hand weapons
 a - a +0 short sword (weapon)
 h - a +0 dagger of venom
   (You found it on level 1 of the Dungeon)
Missiles
 e - 5 tomahawks of dispersal {=f}
 i - 13 poisoned needles
Scrolls
 j - a scroll of identify {unknown}
Potions
 g - a potion of curing {unknown}
 m - a potion of invisibility {unknown}
 o - a potion of resistance {unknown}
Books
 c - a book of Spatial Translocations
Comestibles
 b - 3 fruits
 f - a bread ration {@e1}
 l - a meat ration {@e2}
 n - a chunk of flesh {@w0}


   Skills:
 - Level 2.0 Fighting
 + Level 3.6 Short Blades
 - Level 1.0 Throwing
 - Level 2.3 Dodging
 - Level 2.0 Spellcasting
 - Level 3.0 Translocations


You had 5 spell levels left.
You knew the following spells:

 Your Spells              Type           Power        Failure   Level  Hunger
g - Apportation           Tloc           ##........   8%          1    #......


Dungeon Overview and Level Annotations

Branches:
Dungeon (2/15)

Altars:


Innate Abilities, Weirdness & Mutations

You cannot wear most types of armour.
You are amphibious.
You can wear up to eight rings at the same time.
You can use your tentacles to constrict many enemies at once.
Your skin changes colour to match your surroundings (Stealth).
Your rubbery body absorbs attacks (AC +1).


Message History

You squeeze the jackal, but do no damage.
You constrict the jackal, but do no damage.
The jackal misses you.
You hit the jackal.
You kill the jackal!
The jackal barely misses you.
You hit the jackal.
You kill the jackal!
The jackal misses you.
You hit the jackal but do no damage. You grab the jackal.
You constrict the jackal. The jackal bites you.
You take 1 damage, and have 22/24 hp.
You hit the jackal. You constrict the jackal. The jackal bites you.
You take 1 damage, and have 21/24 hp.
You hit the jackal.
You kill the jackal!
No target in view!
There is an open door here.
You see here a jackal corpse.
You butcher the jackal corpse.
n - 2 chunks of flesh {@w0}
There is an open door here.
Eating one of 2 chunks of flesh {@w0}.
You continue eating. x2
o - a white potion Done exploring.
Done exploring.
Done exploring.
Done exploring.
(D) Dungeon
Where to? (Enter - D:1 @ (x,y), ? - help)
There is an open door here.
You see here a club.
There is a stone staircase leading down here.
You climb downwards.
A giant newt, a quokka and 4 jackals come into view.
The jackal barks! x3
Found a scroll labeled BYASORR DYDDOO and 13 gold pieces.
Found a stone staircase leading up and a stone staircase leading down.
There is a stone staircase leading up here.
Health restored: 24 You closely miss the giant newt.
You grab the giant newt. You squeeze the giant newt.
You kill the giant newt!
You closely miss the jackal. You grab the jackal.
You constrict the jackal, but do no damage.
The jackal barely misses you. The jackal closely misses you.
The jackal closely misses you. The quokka bites you.
You take 2 damage, and have 22/24 hp.
You hit the jackal but do no damage.
You constrict the jackal, but do no damage.
The jackal bites you but does no damage. x2
The quokka bites you. The jackal closely misses you.
You take 4 damage, and have 18/24 hp.
You hit the jackal but do no damage. You grab the jackal.
You constrict the jackal, but do no damage.
You constrict the jackal. The jackal closely misses you.
The jackal barely misses you. The quokka bites you. The jackal bites you.
The jackal completely misses you. The jackal misses you.
The jackal barely misses you.
You take 4 damage, and have 14/24 hp.
Unknown command.
You release your grip on the jackal. x2
The jackal barely misses you. The jackal bites you.
The jackal barely misses you. The quokka bites you. The jackal bites you.
* * * LOW HITPOINT WARNING * * *
You climb upwards.
There is a stone staircase leading down here.
You take 8 damage, and have 6/24 hp.
MASSIVE DAMAGE!!
Unknown command.
Unknown command.
Unknown command.
Read which item? (? for menu, Esc to quit)
Really read
d - a scroll of blinking {!r}?
Blink to where?
You are very lightly contaminated with residual magic.
As you read the scroll of blinking {!r}, it crumbles to dust.
You aren't carrying any items that can be evoked.
Unknown command.
Read which item? (? for menu, Esc to quit)
As you read the scroll labeled CYEBEA KUOTA, it crumbles to dust.
You hear a loud clanging noise!
It was a scroll of noise.
You closely miss the jackal. You grab the jackal. You constrict the jackal.
The jackal bites you.
* * * LOW HITPOINT WARNING * * *
You take 1 damage, and have 5/24 hp.
Unknown command.
You hit the jackal.
You kill the jackal!
You hit the quokka but do no damage. You grab the quokka.
You constrict the quokka, but do no damage.
The quokka bites you.
* * * LOW HITPOINT WARNING * * *
You take 4 damage, and have 1/24 hp.
Unknown command.
You hit the quokka but do no damage. You constrict the quokka.
The quokka bites you.
You die...

## #.#...############## ## .#
#.#.###..##(..##...####.
.#########.#.# #....##.##.##.##.#
...........#.###<.###.##.###...##
.#######...#...#....###..# ####..
...........###.#..##.#.#.## #####
.........#.# #.######..##.###.##.
รท........#.###.#....######...####
.......(.#..##.#@##......########
##########..##.#r######..........
# #...#.#h######..#.###### #
#.#.#.hh........#.# #. #
##'#.###.#######.#)# #. #
#.....##.# #.#)# #. # #...#.##.#
#)#.# #. # #...'....# #.#.# #. #
#..)#.##.# #.#.# #.


You could see a quokka and 3 jackals.

Vanquished Creatures
  An ooze (D:1)
  4 goblins (D:1)
  6 hobgoblins (D:1)
  8 jackals (D:1)
  A ball python (D:1)
  3 bats (D:1)
  3 giant newts
  3 kobolds (D:1)
  A rat (D:1)
30 creatures vanquished.

Notes
Turn   | Place    | Note
--------------------------------------------------------------
     0 | D:1      | RobertPalmer, the Octopode Warper, began the quest for the Orb.
     0 | D:1      | Reached XP level 1. HP: 14/14 MP: 3/3
   419 | D:1      | Reached XP level 2. HP: 19/19 MP: 4/4
   615 | D:1      | Reached skill level 3 in Short Blades
   969 | D:1      | Reached XP level 3. HP: 15/24 MP: 6/6
  1343 | D:2      | HP: 6/24 [jackal (2)]
  1352 | D:1      | HP: 5/24 [jackal (2)]
  1354 | D:1      | HP: 1/24 [quokka (4)]
  1355 | D:1      | Slain by a quokka

Action                   || total
-------------------------++-------
Melee: Short sword       ||    80
  Use: Scroll            ||     2
 Stab: Sleeping          ||     2
  Eat: Chunk             ||     1

Vault maps used:
D:1:      dpeg_arrival_signposts
D:2:      grunt_gozag_statues, minmay_rats_cheesy_pizza

Table legend:
 A = Turns spent in this place as a percentage of turns spent in the entire game.
 B = Non-inter-level travel turns spent in this place as a percentage of non-inter-level travel turns spent in the entire game.
 C = Inter-level travel turns spent in this place as a percentage of turns spent in this place.
 D = Turns resting spent in this place as a percentage of non-inter-level travel turns spent in this place.
 E = Turns spent auto-exploring this place as a percentage of non-inter-level travel turns spent in this place.
 F = Non-inter-level travel turns spent in this place divided by the number of levels of this place that you've seen.
                   A       B       C       D       E      F
               +-------+-------+-------+-------+-------+----------------------
         Total | 100.0 | 100.0 |   0.6 |   4.0 |   9.9 | 161.5
       Dungeon | 100.0 | 100.0 |   0.6 |   4.0 |   9.9 | 161.5
               +-------+-------+-------+-------+-------+----------------------

Table legend:
 A = Kills in this place as a percentage of kills in entire the game.
 B = Kills by you in this place as a percentage of kills by you in the entire game.
 C = Kills by friends in this place as a percentage of kills by friends in the entire game.
 D = Other kills in this place as a percentage of other kills in the entire game.
 E = Experience gained in this place as a percentage of experience gained in the entire game.
 F = Experience gained in this place divided by the number of levels of this place that you have seen.
                   A       B       C       D       E      F
               +-------+-------+-------+-------+-------+----------------------
         Total | 100.0 | 100.0 |  -nan |  -nan | 100.0 |  25.0
       Dungeon | 100.0 | 100.0 |  -nan |  -nan | 100.0 |  25.0
               +-------+-------+-------+-------+-------+----------------------
